 Dungeon Crawl Stone Soup version 0.23.0 (webtiles) character file.

Game seed: 17862585723201827357

39 Trogdor the Scratcher (level 3, -3/17 HPs)
             Began as a Felid Wanderer on Feb 22, 2019.
             Slain by Crazy Yiuf
             ... wielding a +2 quarterstaff of chaos
              (14 damage)
             ... on level 2 of the Dungeon.
             The game lasted 00:15:20 (3652 turns).

Trogdor the Scratcher (Felid Wanderer)              Turns: 3652, Time: 00:15:21

Health: -3/17      AC:  1    Str:  9    XL:     3   Next: 28%
Magic:  4/4        EV: 18    Int: 11    God:
Gold:   196        SH:  0    Dex: 17    Spells: 2/2 levels left
                                        Lives:  0   Deaths: 1

rFire    . . .     SeeInvis +     - Unarmed
rCold    . . .     Gourm    .   (shield unavailable)
rNeg     . . .     Faith    .   (armour unavailable)
rPois    .         Spirit   .   (helmet unavailable)
rElec    .         Reflect  .   (cloak unavailable)
rCorr    .         Harm     .   (gloves unavailable)
MR       .....     Rnd*Tele +   (boots unavailable)
Stlth    +++.......             (no amulet)
HPRegen  0.05/turn              i - ring of teleportation (curse)
MPRegen  0.09/turn              (no ring)

@: quick
A: very small, no armour, no weapons or thrown items, stealth, claws 1, fangs 3,
see invisible, carnivore, speed 1, shaggy fur 1, slow metabolism 1, sharp paws
a: no special abilities


You were on level 2 of the Dungeon.
You were not hungry.

You visited 1 branch of the dungeon, and saw 2 of its levels.

You collected 196 gold pieces.

Inventory:

Jewellery
 i - a cursed ring of teleportation (left paw)
Scrolls
 a - a scroll of teleportation
 k - a scroll of fog
Potions
 b - a potion of haste
 e - a potion of brilliance
 g - a potion of heal wounds {unknown}
 h - 3 potions of flight
 j - a potion of might {unknown}
 l - a potion of ambrosia {unknown}
 m - 2 potions of berserk rage
Comestibles
 f - 4 rations


   Skills:
 - Level 3.0 Fighting
 - Level 2.6 Dodging
 + Level 3.3 Stealth
 + Level 4.6 Unarmed Combat
   Level 1.1 Evocations


You had 2 spell levels left.
You didn't know any spells.
Your spell library was empty.

Dungeon Overview and Level Annotations

Branches:
Dungeon (2/15)

Altars:
The Shining One

Annotations:
D:2 Crazy Yiuf


Innate Abilities, Weirdness & Mutations

You cannot wear armour.
You are incapable of wielding weapons or throwing items.
Your paws allow you to move quietly. (Stealth)
You have sharp claws.
You have razor-sharp teeth.
You have supernaturally acute eyesight. (SInv)
You are carnivorous and can eat meat at any time.
You cover ground quickly.
You are covered in fur. (AC +1)
You have a slow metabolism.
Your sharp claws are effective at attacking unaware monsters.


Message History

You are now level 3!
You rejoin the land of the living...
Crazy Yiuf is too close now for your liking.
Crazy Yiuf whimpers, "Ten!
Mugger toodlewoodle arm."
You scratch Crazy Yiuf but do no damage.
You bite Crazy Yiuf.
Crazy Yiuf is heavily wounded.
Crazy Yiuf yells, "Sif Muna!
Dawk cloud head."
Crazy Yiuf splashes around in the water.
You scratch Crazy Yiuf but do no damage.
Crazy Yiuf is heavily wounded.
Crazy Yiuf hits you with a +2 quarterstaff of chaos.
Crazy Yiuf burns you.
You scratch Crazy Yiuf.
Crazy Yiuf is severely wounded.
You closely miss Crazy Yiuf. Your claw misses Crazy Yiuf.
Crazy Yiuf is severely wounded.
Crazy Yiuf hits you with a +2 quarterstaff of chaos!
Ouch! That really hurt!
You die...

#####..# #...... #.## ##.....
#####g##### ## ####.....
#..##.....# #≈# #........
...##..)..###≈# #.#......
.####......#≈≈## ###.#...... .#
##.##.#..≈≈.# ##...#...... .#
#..##.##.≈≈≈#######..##.......
.###.###.>≈.≈≈≈.@......###.#.....
.........≈≈≈≈≈.g#########..##.(..
.##...##....≈≈≈≈### #.).#######
.##.........≈≈....# ##.###
.##.#####...≈≈..#.####..######
.##.# #.≈.≈≈..#............####
.#..# ##.≈.≈≈.≈##.#########.....
....# #....≈≈..#..############..
...#####†(≈≈≈≈≈.................<


You could see Crazy Yiuf.

Vanquished Creatures
  Robin (D:2)
  A gnoll (D:1)
  2 oozes
  A worm (D:2)
  A leopard gecko (D:1)
  A ball python (D:2)
  4 bats
  18 goblins
  6 hobgoblins
  3 jackals (D:1)
  7 kobolds
  3 frilled lizards
  2 rats (D:1)
50 creatures vanquished.

Notes
Turn   | Place    | Note
-------+----------+-------------------------------------------
     0 | D:1      | Trogdor the Felid Wanderer began the quest for the Orb.
     0 | D:1      | Trogdor set off with the following items: a potion of
                  | berserk rage, a potion of haste, a potion of lignification,
                  | a potion of curing, a ration
     0 | D:1      | Reached XP level 1. HP: 10/10 MP: 2/2
   300 | D:1      | Reached XP level 2. HP: 11/14 MP: 3/3
   702 | D:1      | Reached skill level 4 in Unarmed Combat
   702 | D:1      | Reached XP level 3. HP: 13/17 MP: 4/4
  1557 | D:2      | Noticed Robin
  2805 | D:2      | Killed Robin
  2805 | D:2      | Reached XP level 4. HP: 21/21 MP: 5/5
  2901 | D:2      | Found a glowing golden altar of the Shining One.
  3040 | D:2      | Found a runed translucent door.
  3041 | D:2      | Noticed Crazy Yiuf
  3628 | D:2      | HP: 1/21 [Crazy Yiuf/+2 quarterstaff of chaos (12)]
  3628 | D:2      | Slain by Crazy Yiuf
  3629 | D:2      | Reached XP level 3. HP: 0/17 MP: 4/4
  3652 | D:2      | Slain by Crazy Yiuf

Skill      XL: |  1  2  3 |
---------------+----------+-----
Stealth        | 2 3 |  3.3
Unarmed Combat | 4 |  4.6
Fighting       | |  3.0
Dodging        | |  2.6
Evocations     | |  1.1

Action                   |  1- 3 |  4- 6 || total
-------------------------+-------+-------++-------
Melee: Unarmed           |   109 |    29 ||   138
       Bite              |    12 |     3 ||    15
       Punch             |     2 |     2 ||     4
  Use: Scroll            |     5 |     1 ||     6
       Potion            |     3 |     2 ||     5
 Stab: Sleeping          |     8 |     1 ||     9
       Distracted        |     1 |       ||     1
  Eat: Chunk             |    11 |       ||    11
Armor: Skin              |     3 |     1 ||     4
Dodge: Dodged            |    90 |    22 ||   112
